 Dungeon Crawl Stone Soup version 0.16-a0-331-g39fd2ee (webtiles) character file.

78 PolkaDot the Caller (level 4, -2/30 HPs)
             Began as a Vampire Summoner on Sept 8, 2014.
             Slain by a quokka (5 damage)
             ... on Level 2 of the Dungeon.
             The game lasted 00:07:14 (2458 turns).

PolkaDot the Caller (Vampire Summoner)              Turns: 2458, Time: 00:07:14

HP  -2/30        AC  2     Str  7      XL: 4   Next: 15%
MP   7/7         EV 12     Int 18      God:
Gold 74          SH  0     Dex 14      Spells:  3 memorised,  1 level left

rFire  . . .     SeeInvis +     c - +0 dagger
rCold  . . .     Clarity  .     a - +0 robe
rNeg   . . .     rCorr    .     (no shield)
rPois  .         rRot     .     (no helmet)
rElec  .         Spirit   .     (no cloak)
SustAb .         Warding  .     (no gloves)
rMut   .         Stasis   .     (no boots)
Gourm  .                        (no amulet)
MR     .....                    (no ring)
                                (no ring)

@: very slightly contaminated, regenerating quickly, invisible, not resistant to
hostile enchantments, unstealthy
A: fangs 3, see invisible, unbreathing
a: no special abilities


You were on level 2 of the Dungeon.
You were very full.

You visited 1 branch of the dungeon, and saw 3 of its levels.

You collected 74 gold pieces.

Inventory:

Hand weapons
 c - a +0 dagger (weapon)
Armour
 a - a +0 robe (worn)
Scrolls
 f - a scroll of magic mapping
Books
 b - a book of Callings

   Spells                             Type                      Level
   *Summon Small Mammal               Summoning                    1
   *Call Imp                          Summoning                    2
   *Call Canine Familiar              Summoning                    3
   Summon Guardian Golem              Hexes/Summoning              4
   Summon Lightning Spire             Summoning/Air                4
   Summon Ice Beast                   Ice/Summoning                4


   Skills:
 - Level 2.1 Dodging
 - Level 3.0 Stealth
 - Level 2.0 Spellcasting
 * Level 5.7 Summonings


You had one spell level left.
You knew the following spells:

 Your Spells              Type           Power        Failure   Level  Hunger
a - Summon Small Mammal   Summ           ###.         1%          1    #......
d - Call Canine Familiar  Summ           ###.....     6%          3    ####...
s - Call Imp              Summ           ###.....     2%          2    ##.....


Dungeon Overview and Level Annotations

Branches:
Dungeon (3/15)

Altars:
Trog


Innate Abilities, Weirdness & Mutations

Your natural rate of healing is unusually fast.
You have razor-sharp teeth.
You have supernaturally acute eyesight.
You can survive without breathing.


Message History

You puncture the orc wizard!
You kill the orc wizard!
You have reached level 4!
The quokka misses you.
You hit the orc.
You kill the orc!
The quokka barely misses you.
Things that are here:
a dagger; a robe; an orc corpse Drink blood from an orc corpse? (ye/n/q/i?) This warm blood tastes delicious!
You feel somewhat more full.
The quokka bites you but does no damage.
You stop draining the corpse.
All blood oozes out of the corpse!
The orc wizard points at you and mumbles some strange words.
You resist. The orc wizard misses you. The orc wizard hits you with a dagger.
* * * LOW HITPOINT WARNING * * *
You barely miss the quokka. The quokka bites you.
You die...

### ##.##
########### #.#.##
#....g>oo.#
########
.###.###.#######.#
#......# ##
##.##.##### #.#
#.####.#### #
##.......# #r# #.#
#.##.. ##
##.##.###.###@##
#.####.##.#
.###..##..........#
#.#........
#.#..#####.#.####.#
#.#.##.##.# ##..##
#.#...##.#
#.#.##.##.# ##.#
#.###.##.#
#......##.# #.#
#........#
##.######.. ##'##
#####.#### ##...##
### ##...## #.#
##.....## #.....##
##.# ###.......###


You could see an orc warrior (wandering) and a quokka.

Vanquished Creatures
  An orc wizard (D:2)
  An adder (D:2)
  A giant gecko (D:2)
  An orc (D:2)
  A ball python (D:1)
  12 bats
  3 giant cockroaches (D:1)
  4 hobgoblins
  3 kobolds
  A quokka (D:2)
  A giant newt (D:2)
  4 goblins
  6 rats
39 creatures vanquished.

Vanquished Creatures (collateral kills)
  An adder (D:2)
  A worm (D:2)
  2 rats (D:2)
4 creatures vanquished.

Vanquished Creatures (others)
  A hound (D:3)
1 creature vanquished.

Grand Total: 44 creatures vanquished

Notes
Turn   | Place    | Note
--------------------------------------------------------------
     0 | D:1      | PolkaDot, the Vampire Summoner, began the quest for the Orb.
     0 | D:1      | Reached XP level 1. HP: 13/13 MP: 3/3
   482 | D:1      | Reached XP level 2. HP: 13/19 MP: 4/4
  1036 | D:2      | Learned a level 2 spell: Call Imp
  1489 | D:2      | Reached skill level 5 in Summonings
  1506 | D:2      | Found a bloodstained altar of Trog.
  1510 | D:2      | Reached XP level 3. HP: 24/24 MP: 6/6
  1515 | D:2      | Learned a level 3 spell: Call Canine Familiar
  1872 | D:2      | HP: 1/24 [adder (3)]
  2311 | D:3      | Noticed an orc warrior
  2448 | D:2      | Reached XP level 4. HP: 2/30 MP: 7/7
  2458 | D:2      | Slain by a quokka

Action                   |  1- 3 |  4- 6 || total
-------------------------+-------+-------++-------
Melee: Dagger            |   183 |     2 ||   185
       Unarmed           |     8 |       ||     8
 Cast: Summon Small Mamm |     4 |       ||     4
       Call Imp          |     3 |       ||     3
       Call Canine Famil |     3 |       ||     3
  Use: Potion            |     3 |       ||     3
       Scroll            |     4 |       ||     4
 Stab: Sleeping          |     6 |       ||     6
       Invisible         |     2 |       ||     2
  Eat: Corpse            |    16 |     1 ||    17
